 Dungeon Crawl Stone Soup version 0.24.1-4-ge52af88ad5 (webtiles) character file.

Game seed: 10501632577674518137, levelgen mode: deterministic

2660 Gruesph the Grappler (level 9, -1/84 HPs)
             Began as a Troll Chaos Knight on Apr 16, 2020.
             Was a Plaything of Xom.
             Slain by a gnoll shaman
             ... wielding a +0 halberd
              (10 damage)
             ... in a bailey.
             The game lasted 00:22:52 (5315 turns).

Gruesph the Grappler (Troll Chaos Knight)           Turns: 5315, Time: 00:22:53

Health: -1/84      AC:  8    Str: 22    XL:     9   Next: 36%
Magic:  8/8        EV:  9    Int:  8    God:    Xom [...*..]
Gold:   511        SH: 10    Dex: 10    Spells: 8/8 levels left

rFire    . . .     SeeInvis .     - Unarmed
rCold    . . .     Gourm    +   e - +1 shield
rNeg     . . .     Faith    .   a - +2 robe
rPois    .         Spirit   .   (helmet restricted)
rElec    .         Reflect  .   x - +0 cloak
rCorr    .         Harm     .   (gloves unavailable)
MR       .....                  (boots unavailable)
Stlth    +.........             (no amulet)
HPRegen  0.64/turn              (no ring)
MPRegen  0.11/turn              (no ring)

@: no status effects
A: large, unfitting armour, claws 3, clumsy 1, deformed body, fast metabolism 3,
gourmand, regeneration 1, screaming 1, shaggy fur 1, tough skin 3
a: Renounce Religion


You were in a bailey.
You worshipped Xom.
You were a favourite toy of Xom.
You were completely stuffed.

You visited 1 branch of the dungeon, and saw 7 of its levels.
You also visited: Bailey.

You collected 511 gold pieces.

Inventory:

Missiles
 g - 294 stones
 m - 25 poisoned darts (quivered)
 y - a throwing net
Armour
 a - a +2 robe (worn)
 e - a +1 shield (worn)
 x - a +0 cloak (worn)
Wands
 k - a wand of acid (8)
 q - a wand of iceblast (3)
Scrolls
 b - 2 scrolls of teleportation
 d - a scroll of enchant armour
 i - 2 scrolls of identify
 j - a scroll of immolation
 n - a scroll of fog
 o - a scroll of blinking
 r - a scroll of enchant weapon
 v - 2 scrolls of magic mapping
 z - 2 scrolls of amnesia
Potions
 c - 4 potions of curing
 h - a potion of heal wounds
 l - a potion of haste
 p - 2 potions of brilliance
 s - a potion of might
 t - 2 potions of flight
 u - a potion of invisibility
 w - 2 potions of agility
Comestibles
 f - 14 rations
 A - 12 chunks of flesh


   Skills:
 + Level 4.2 Fighting
 + Level 3.9 Dodging
 + Level 3.1 Shields
 - Level 11.0 Unarmed Combat


You had 8 spell levels left.
You didn't know any spells.
Your spell library was empty.

Dungeon Overview and Level Annotations

Branches:
Dungeon (7/15)             Temple (0/1) D:7          Bailey (1/1)

Altars:
Kikubaaqudgha
Nemelex Xobeh
Qazlal
Trog
Uskayaw
Yredelemnul

Shops:
D:5 %*[


Innate Abilities, Weirdness & Mutations

You are too large for most types of armour.
You have claws for hands.
Your metabolism is lightning-fast.
You like to eat raw meat.
Your natural rate of healing is unusually fast.
You are covered in fur. (AC +1)
You have extremely tough skin. (AC +3)
You are clumsy. (Dex -2)
Armour fits poorly on your strangely shaped body.
You occasionally shout uncontrollably at your foes.


Message History

You scratch the gnoll sergeant but do no damage.
The gnoll sergeant is severely wounded.
The gnoll hits you with a +0 spear.
* * * LOW HITPOINT WARNING * * *
The gnoll shaman barely misses you. You block the gnoll sergeant's attack.
The gnoll sergeant hits you but does no damage.
The gnoll shaman calls upon its god to speed up the gnoll sergeant.
The gnoll sergeant seems to speed up.
A gnoll shaman comes into view. It is wielding a +0 halberd.
You completely miss the gnoll sergeant.
The gnoll sergeant is severely wounded.
You block the gnoll's attack.
The gnoll sergeant hits you but does no damage.
You block the gnoll shaman's attack.
You mangle the gnoll sergeant!!
You kill the gnoll sergeant!
You block the gnoll's attack.
The gnoll shaman hits you from afar with a +0 halberd!
You die...
Xom titters!

♣≈≈...# .≈..# .≈..# #
.≈..# .# .≈..# ##### .#
.≈..# ##...## ..# ≈
.≈..######.)...###'##..≈
....'...#).)$...#g.....≈
....')..'...8..)@).....≈
....'...#.).$...#gg....≈
.≈..######.....###g##..≈
.≈..# ##...## g.# ≈
.≈..# ##### .# .≈..# .#
.≈..# # .≈..#


You could see a gnoll sergeant, 3 gnoll shamans and a gnoll.

Vanquished Creatures
  An elephant (shapeshifter) (D:4)
  An orc warrior (D:6)
  2 phantoms
  A sky beast (D:5)
  An ogre (D:4)
  A black bear (D:6)
  3 centaurs
  3 bullfrogs (D:6)
  3 gnoll sergeants (Bailey)
  A bullfrog zombie (D:5)
  2 crimson imps (D:5)
  5 orc priests
  6 hounds
  2 jellies (D:6)
  2 bullfrog skeletons
  A centaur skeleton (D:4)
  5 orc wizards
  2 iguanas
  3 gnoll shamans
  2 worker ants (D:6)
  A hound skeleton (D:6)
  A worker ant zombie (D:7)
  11 gnolls
  A howler monkey skeleton (D:6)
  2 adders
  3 shadow imps (D:5)
  An adder zombie (D:6)
  2 adder skeletons
  4 worms
  A dart slug (D:3)
  5 leopard geckos
  12 orcs
  2 ball pythons
  3 bats
  3 giant cockroaches
  12 goblins
  7 hobgoblins
  2 jackals (D:5)
  8 kobolds
  2 quokkas
  6 frilled lizards
  2 quokka skeletons
  10 rats
148 creatures vanquished.

Vanquished Creatures (others)
  An orc (D:4)
1 creature vanquished.

Grand Total: 149 creatures vanquished

Notes
Turn   | Place    | Note
-------+----------+-------------------------------------------
     0 | D:1      | Gruesph the Troll Chaos Knight began the quest for the Orb.
     0 | D:1      | Reached XP level 1. HP: 22/22 MP: 0/0
   208 | D:1      | Reached XP level 2. HP: 29/29 MP: 1/1
   526 | D:1      | Reached skill level 4 in Unarmed Combat
  1068 | D:2      | Reached XP level 3. HP: 31/36 MP: 2/2
  1220 | D:2      | XOM: divination: magic mapping
  1346 | D:2      | Found an ancient bone altar of Kikubaaqudgha.
  1346 | D:2      | Found a stormy altar of Qazlal.
  1585 | D:3      | XOM is BORED!
  1585 | D:3      | XOM: give mutations
  1585 | D:3      | Gained mutation: Armour fits poorly on your strangely
                  | shaped body. [Xom's mischief]
  1585 | D:3      | Gained mutation: You occasionally shout uncontrollably at
                  | your foes. [Xom's mischief]
  1585 | D:3      | Gained mutation: You are clumsy. (Dex -2) [Xom's mischief]
  1797 | D:3      | XOM: 3-stop teleportation journey
  1843 | D:3      | XOM: repel stairs
  1925 | D:3      | Reached skill level 5 in Unarmed Combat
  1925 | D:3      | Reached XP level 4. HP: 19/44 MP: 3/3
  2034 | D:3      | Found a bloodstained altar of Trog.
  2034 | D:3      | XOM: 1-stop teleportation journey
  2035 | D:3      | Noticed a moth of wrath
  2242 | D:4      | Noticed a phantom
  2243 | D:4      | Reached skill level 6 in Unarmed Combat
  2243 | D:4      | Reached XP level 5. HP: 43/50 MP: 4/4
  2266 | D:4      | XOM: fog
  2282 | D:4      | Killed a phantom
  2393 | D:4      | Reached XP level 6. HP: 58/59 MP: 5/5
  2423 | D:4      | Reached skill level 7 in Unarmed Combat
  2720 | D:4      | Noticed a glowing shapeshifter
  2720 | D:4      | an orc priest changed into a glowing shapeshifter
  2720 | D:4      | XOM: polymorph orc priest -> glowing shapeshifter
  2720 | D:4      | Noticed a shock serpent
  2720 | D:4      | a glowing shapeshifter changed into a shock serpent
  2736 | D:4      | Noticed a floating eye
  2738 | D:4      | XOM: butterfly on damage
  2738 | D:4      | Paralysed by a floating eye for 2 turns
  2743 | D:4      | XOM: destruction
  2743 | D:4      | Noticed an elephant
  2743 | D:4      | a floating eye changed into an elephant
  2745 | D:4      | Killed an elephant
  2745 | D:4      | Reached skill level 9 in Unarmed Combat
  2745 | D:4      | Reached XP level 7. HP: 35/66 MP: 6/6
  2958 | D:4      | You fall into a shaft and drop 1 floor!
  2958 | D:5      | Entered Level 5 of the Dungeon
  2995 | D:5      | Found Xumpaph's Assorted Antiques.
  3015 | D:5      | Reached XP level 8. HP: 67/74 MP: 7/7
  3095 | D:5      | Found Afiecza's Armour Shop.
  3114 | D:5      | Reached skill level 10 in Unarmed Combat
  3508 | D:5      | XOM: enchant monster (good)
  3659 | D:5      | Found Cenningo's Food Boutique.
  3909 | D:6      | Reached skill level 11 in Unarmed Combat
  4005 | D:6      | Reached skill level 1 in Shields
  4218 | D:6      | Reached XP level 9. HP: 50/83 MP: 8/8
  4334 | D:6      | XOM: mild Summ miscast
  4618 | D:6      | Found a sparkling altar of Nemelex Xobeh.
  4618 | D:6      | Found a hide-covered altar of Uskayaw.
  5041 | D:7      | Found a basalt altar of Yredelemnul.
  5077 | D:7      | Found a flagged portal.
  5081 | D:7      | Found a staircase to the Ecumenical Temple.
  5081 | D:7      | XOM: 7-stop teleportation journey
  5177 | Bailey   | Entered a bailey
  5315 | Bailey   | Slain by a gnoll shaman

Levels and vault maps discovered:
D:1:      minmay_arrival_stone_box, layout_basic, nrook_campfire,
          minmay_split_cup_large
D:2:      layout_rooms, gammafunk_temple_overflow_wave
D:3:      layout_rooms, tgw_trog, minmay_pentangle
D:4:      layout_cave_pods, first_ration
D:5:      layout_rooms, serial_shops, shop, shop, nicolae_shop_statue_plus,
          nrook_loot_triangle
D:6:      layout_loops_cross, gammafunk_temple_overflow_elements
D:7:      layout_loops_cross, minmay_temple_entry_stoned_glass, enter_bailey_3,
          yredelemnul_altar_generic
Bailey:   bailey_polearm_gnolls_kennysheep, bailey

Skill      XL: |  1  2  3  4  5  6  7  8  9 |
---------------+----------------------------+-----
Unarmed Combat | 4 5 6 9 11 | 11.0
Dodging        | 3 |  3.9
Shields        | 2 3 |  3.1
Fighting       | 3 4 |  4.2

Action                   |  1- 3 |  4- 6 |  7- 9 || total
-------------------------+-------+-------+-------++-------
Melee: Unarmed           |   133 |    87 |   238 ||   458
Throw: Dart              |       |     3 |       ||     3
Evoke: Wand              |       |       |     1 ||     1
  Use: Potion            |       |     1 |       ||     1
       Scroll            |       |       |    17 ||    17
 Stab: Sleeping          |       |     1 |       ||     1
       Paralysed         |       |       |     2 ||     2
  Eat: Chunk             |    23 |     8 |    23 ||    54
Armor: Robe              |    42 |    38 |    96 ||   176
Dodge: Dodged            |    52 |    24 |    78 ||   154
Block: Shield            |     7 |    35 |   107 ||   149
